[Event "ICC tourney 1992 (90 10)"]
[Site "Internet Chess Club"]
[Date "2020.09.05"]
[Round "1"]
[White "dkolich"]
[Black "chess27"]
[Result "1/2-1/2"]
[ICCResult "Game drawn by mutual agreement"]
[WhiteElo "1432"]
[BlackElo "1514"]
[Opening "English: Caro-Kann defensive system"]
[ECO "A11"]
[NIC "EO.64"]
[Time "11:03:37"]
[TimeControl "5400+10"]

1. c4 c6 2. Nc3 Nf6 3. g3 e6 4. Bg2 d5 5. cxd5 exd5 6. e3 Bd6 7. d4 O-O 8.
Nf3 Bf5 9. a3 Re8 10. O-O Nbd7 11. Re1 Nf8 12. Nh4 Qd7 13. Nxf5 Qxf5 14. Bd2
h5 15. Qe2 Ng6 16. Rac1 h4 17. Qf3 Qxf3 18. Bxf3 hxg3 19. hxg3 Kf8 20. Kg2
Ke7 21. Rh1 Rh8 22. Na4 Rxh1 23. Rxh1 Rh8 24. Nc5 b6 25. Nd3 Rxh1 26. Kxh1
Nd7 {Game drawn by mutual agreement} 1/2-1/2

[Event "ICC tourney 1992 (90 10)"]
[Site "Internet Chess Club"]
[Date "2020.09.05"]
[Round "1"]
[White "MadiChesskid"]
[Black "kween26"]
[Result "1-0"]
[ICCResult "Black checkmated"]
[WhiteElo "1481"]
[BlackElo "1367"]
[Opening "Bogo-Indian defense"]
[ECO "E11"]
[NIC "QI.01"]
[Time "11:02:50"]
[TimeControl "5400+10"]

1. Nf3 Nf6 2. c4 e6 3. d4 Bb4+ 4. Bd2 Be7 5. Nc3 O-O 6. e4 d5 7. cxd5 exd5
8. e5 Ne4 9. Bd3 Bf5 10. O-O Nc6 11. Re1 Qd7 12. Nxe4 dxe4 13. Bxe4 Bg4 14.
Bc3 Rad8 15. d5 Nb8 16. Qd3 c6 17. d6 Bxf3 18. Qxf3 Bg5 19. Qg3 Bh6 20. f4
f5 21. Bc2 Kh8 22. e6 Qxd6 23. e7 Bxf4 24. Qxg7# {Black checkmated} 1-0

[Event "ICC tourney 1992 (90 10)"]
[Site "Internet Chess Club"]
[Date "2020.09.05"]
[Round "1"]
[White "Kfprasanna"]
[Black "lucachesschess"]
[Result "1-0"]
[ICCResult "Black checkmated"]
[WhiteElo "1367"]
[BlackElo "1385"]
[Opening "Owen defense"]
[ECO "B00"]
[NIC "VO.01"]
[Time "11:02:48"]
[TimeControl "5400+10"]

1. e4 b6 2. Nf3 Bb7 3. Nc3 c5 4. Bc4 e6 5. d3 d5 6. exd5 exd5 7. Bb3 Nf6 8.
Bg5 Be7 9. Qe2 O-O 10. O-O d4 11. Ne4 Nxe4 12. Bxe7 Qxe7 13. dxe4 Qxe4 14.
Qxe4 Bxe4 15. Ng5 Bg6 16. Bd5 Nd7 17. Bxa8 Rxa8 18. Rac1 Ne5 19. Rfe1 f6 20.
Nf3 Nxf3+ 21. gxf3 Kf7 22. c3 d3 23. Rcd1 c4 24. Kg2 a5 25. Kg3 b5 26. a3
Rd8 27. Kg4 Rd5 28. h4 Bh5+ 29. Kf4 Bg6 30. Rd2 Rf5+ 31. Kg3 Bh5 32. f4 Be2
33. Rh1 Ke6 34. Rh3 Kd5 35. f3 h5 36. Rh2 Kd6 37. Rhxe2 Kd7 38. Re4 Rd5 39.
Rd4 Rxd4 40. cxd4 a4 41. Kf2 Kd6 42. Ke3 f5 43. Rg2 Ke6 44. Rxg7 Kf6 45. Rb7
b4 46. Rxb4 Ke6 47. Rxc4 Kd5 48. Kxd3 Kd6 49. b4 axb3 50. Rb4 Kc7 51. Rxb3
Kd7 52. a4 Ke7 53. a5 Kf7 54. a6 Kg7 55. a7 Kh8 56. a8=Q+ Kh7 57. Rb7+ Kg6
58. Qa6# {Black checkmated} 1-0

[Event "ICC tourney 1992 (90 10)"]
[Site "Internet Chess Club"]
[Date "2020.09.05"]
[Round "1"]
[White "oxdidi"]
[Black "BurlyTest"]
[Result "0-1"]
[ICCResult "White checkmated"]
[WhiteElo "1330"]
[BlackElo "1504"]
[Opening "Alekhine's defense: modern variation"]
[ECO "B04"]
[NIC "AL.05"]
[Time "11:05:37"]
[TimeControl "5400+10"]

1. e4 Nf6 2. e5 Nd5 3. d4 d6 4. Nf3 Nc6 5. Bf4 Nxf4 6. Bc4 dxe5 7. O-O exd4
8. Re1 Be6 9. Bb5 Bd7 10. Bc4 e6 11. Qd2 Qf6 12. Rd1 O-O-O 13. c3 e5 14. Qc2
Qg6 15. Qb3 Qxg2# {White checkmated} 0-1

[Event "ICC tourney 1992 (90 10)"]
[Site "Internet Chess Club"]
[Date "2020.09.05"]
[Round "1"]
[White "lemonbar"]
[Black "Cgchess"]
[Result "0-1"]
[ICCResult "White checkmated"]
[WhiteElo "1023"]
[BlackElo "1344"]
[Opening "Nimzo-Indian: three knights variation"]
[ECO "E21"]
[NIC "NI.28"]
[Time "11:02:42"]
[TimeControl "5400+10"]

1. d4 Nf6 2. c4 e6 3. Nc3 Bb4 4. Nf3 O-O 5. Bg5 Bxc3+ 6. bxc3 h6 7. Bh4 d5
8. cxd5 exd5 9. e3 Re8 10. Bd3 Nc6 11. O-O Bg4 12. h3 Bh5 13. Rb1 Rb8 14.
Re1 Qd6 15. Bg3 Qd7 16. Be2 Ne4 17. Qd3 Bg6 18. Rbc1 Nxg3 19. Qb5 Nxe2+ 20.
Qxe2 Qf5 21. Nh4 Qd3 22. Nxg6 Qxe2 23. Rxe2 fxg6 24. f3 Rbd8 25. e4 Re7 26.
Rb1 b6 27. Rb5 a6 28. Rb3 Rde8 29. e5 Na5 30. Rb4 Rc8 31. Rc2 Re6 32. Ra4 c5
33. Rb2 Nc4 34. Re2 b5 35. Rxc4 bxc4 36. Rb2 cxd4 37. cxd4 c3 38. Rc2 Rb6
39. Kf2 Rb2 40. Rxb2 cxb2 41. Kg3 b1=Q 42. Kh4 Qe1+ 43. g3 Rc4 44. e6 Rxd4+
45. f4 Qxe6 46. a4 g5+ 47. Kh5 Qf5 48. g4 Qf7# {White checkmated} 0-1

[Event "ICC tourney 1992 (90 10)"]
[Site "Internet Chess Club"]
[Date "2020.09.05"]
[Round "1"]
[White "DavidNest"]
[Black "Chessman67a"]
[Result "1-0"]
[ICCResult "Black checkmated"]
[WhiteElo "1128"]
[BlackElo "1420"]
[Opening "English opening"]
[ECO "A05"]
[NIC "QP.11"]
[Time "11:02:59"]
[TimeControl "5400+10"]

1. Nf3 Nf6 2. c4 e6 3. e3 c5 4. d4 d5 5. Nc3 cxd4 6. exd4 Nc6 7. cxd5 Nxd5
8. Bb5 a6 9. Bxc6+ bxc6 10. Ne5 Qc7 11. Nxd5 cxd5 12. Bf4 Bd6 13. Rc1 Qa5+
14. Bd2 Qb5 15. Qf3 O-O 16. Qb3 Qxb3 17. axb3 Rb8 18. Rc3 Bb4 19. Rd3 Bxd2+
20. Kxd2 Bb7 21. Nd7 Rfe8 22. Nxb8 Rxb8 23. Rc3 Kf8 24. Rhc1 Rd8 25. Rc7 Ba8
26. Rc8 Ke8 27. R8c7 Rd7 28. R7c3 g5 29. Rh3 f5 30. Rc8+ Rd8 31. Rxd8+ Kxd8
32. Rxh7 Bc6 33. Rh5 g4 34. Rh6 Ke7 35. Ke3 Kd6 36. Kf4 Bb5 37. h3 gxh3 38.
gxh3 Bf1 39. h4 Be2 40. h5 a5 41. Rh8 Bd1 42. h6 Ke7 43. h7 Bxb3 44. Re8+
Kxe8 45. h8=Q+ Kf7 46. Qb8 a4 47. Ke5 f4 48. Kxf4 Bc4 49. Qa7+ Kf6 50. Qxa4
Bd3 51. b4 Bf1 52. b5 e5+ 53. dxe5+ Ke6 54. b6 Bg2 55. b7 d4 56. b8=Q d3 57.
Qd6+ Kf7 58. Qad7+ Kg8 59. Qb8# {Black checkmated} 1-0

[Event "ICC tourney 1992 (90 10)"]
[Site "Internet Chess Club"]
[Date "2020.09.05"]
[Round "1"]
[White "adma2028"]
[Black "ama2024"]
[Result "1/2-1/2"]
[ICCResult "Game drawn by mutual agreement"]
[WhiteElo "1306"]
[BlackElo "1530"]
[Opening "Queen's bishop game"]
[ECO "D00"]
[NIC "QP.08"]
[Time "11:03:37"]
[TimeControl "5400+10"]

1. d4 d5 2. Bf4 Nf6 3. Nf3 Bf5 4. e3 e6 5. Bd3 Bg6 6. c3 Bd6 7. Bg3 O-O 8.
Bxg6 hxg6 9. Qb3 Qc8 10. Nbd2 Nbd7 11. c4 Rb8 12. Rc1 Qd8 13. cxd5 Nxd5 14.
Bxd6 cxd6 15. Ne4 N7b6 16. Qa3 Nc8 17. Nc3 Nxc3 18. Rxc3 a6 19. O-O Na7 20.
Qb3 Qd7 21. Rfc1 Rbc8 22. h3 Rxc3 23. Rxc3 Rc8 24. Rxc8+ Qxc8 25. Kh2 d5 26.
Ne5 Nc6 27. Qc3 Qb8 28. f4 Nxe5 29. dxe5 b5 30. Qc6 Qa7 31. e4 dxe4 32. Qxe4
Qf2 33. Qb4 {Game drawn by mutual agreement} 1/2-1/2

[Event "ICC tourney 1992 (90 10)"]
[Site "Internet Chess Club"]
[Date "2020.09.05"]
[Round "1"]
[White "DiamondUnicorn"]
[Black "SeannDSpeyer"]
[Result "0-1"]
[ICCResult "White resigns"]
[WhiteElo "489"]
[BlackElo "1236"]
[Opening "French: advance, Paulsen attack"]
[ECO "C02"]
[NIC "FR.03"]
[Time "11:02:50"]
[TimeControl "5400+10"]

1. e4 e6 2. d4 d5 3. e5 c5 4. c3 Nc6 5. Nf3 Qb6 6. a3 Nge7 7. b4 cxd4 8.
cxd4 Nf5 9. Bb2 Be7 10. g4 Nh4 11. Nxh4 Bxh4 12. h3 O-O 13. Rg1 f6 14. exf6
Rxf6 15. Rg2 Bd7 16. g5 Rxf2 17. Rxf2 Rf8 18. Qg4 Bxf2+ 19. Ke2 Nxd4+ 20.
Bxd4 Qxd4 21. Qxd4 Bxd4 22. Ra2 Rf2+ 23. Kd3 Rxa2 24. Kxd4 Ra1 25. Bd3 Ra2
26. Bf1 Kf7 27. Ke5 Ke7 28. Bd3 Rh2 29. Bf1 Rf2 30. Bd3 Rf3 31. Bxh7 Rxh3
32. Bc2 Rh5 33. Kf4 Kd6 34. Bd3 e5+ 35. Ke3 Rxg5 36. Nd2 Rg3+ 37. Ke2 Bg4+
38. Ke1 Rxd3 39. a4 Re3+ 40. Kf1 Rd3 41. Ke1 e4 42. a5 e3 {White resigns}
0-1

[Event "ICC tourney 1992 (90 10)"]
[Site "Internet Chess Club"]
[Date "2020.09.05"]
[Round "1"]
[White "WallyCleaver"]
[Black "ranu540"]
[Result "1/2-1/2"]
[ICCResult "Game drawn by mutual agreement"]
[WhiteElo "1559"]
[BlackElo "1304"]
[Opening "Sicilian: accelerated fianchetto, modern variation"]
[ECO "B34"]
[NIC "SI.33"]
[Time "11:03:30"]
[TimeControl "5400+10"]

1. e4 c5 2. Nf3 Nc6 3. d4 cxd4 4. Nxd4 g6 5. Nc3 Bg7 6. Be3 Nf6 7. Be2 O-O
8. Qd2 d5 9. exd5 Nxd5 10. Nxd5 Qxd5 11. Bf3 Qd7 12. O-O-O Nxd4 13. Bxd4
Bxd4 14. Qxd4 Qxd4 15. Rxd4 Rb8 16. Rhd1 Be6 17. b3 b6 18. Kb2 Rbc8 19. a4
Bf5 20. c4 Rc7 21. Be4 Bxe4 22. Rxe4 a6 23. Red4 Rfc8 24. Rd8+ Rxd8 25.
Rxd8+ Kg7 26. Rd5 Kf6 27. f4 Ke6 28. g4 Rc5 29. Rxc5 bxc5 30. Kc3 a5 31. Kd3
f6 32. Ke4 Kd6 33. h4 e5 34. h5 Ke6 35. hxg6 hxg6 36. fxe5 fxe5 37. Ke3 Kf6
38. Ke4 Ke6 39. Ke3 {Game drawn by mutual agreement} 1/2-1/2

[Event "ICC tourney 1992 (90 10)"]
[Site "Internet Chess Club"]
[Date "2020.09.05"]
[Round "1"]
[White "Abhinac123"]
[Black "AdityaBang"]
[Result "0-1"]
[ICCResult "White checkmated"]
[WhiteElo "1446"]
[BlackElo "1321"]
[Opening "QGD semi-Slav: 5.e3"]
[ECO "D45"]
[NIC "SL.08"]
[Time "11:02:47"]
[TimeControl "5400+10"]

1. d4 d5 2. c4 c6 3. Nf3 Nf6 4. e3 e6 5. Nc3 Be7 6. Bd3 O-O 7. O-O a6 8. Re1
b5 9. c5 Ne4 10. Nxe4 dxe4 11. Bxe4 f5 12. Bd3 Bf6 13. a4 Bb7 14. Qb3 Qd5
15. Qxd5 cxd5 16. axb5 axb5 17. Rxa8 Bxa8 18. Bxb5 Nc6 19. Bxc6 Bxc6 20. Bd2
Rb8 21. b4 Bb5 22. Ra1 g5 23. h3 h5 24. g4 hxg4 25. hxg4 fxg4 26. Nh2 Be2
27. Kg2 e5 28. Bc3 e4 29. Kg3 Bd8 30. Ra7 Rc8 31. Nxg4 Bc7+ 32. Ne5 Bb8 33.
Rd7 Bb5 34. c6 Bxc6 35. Re7 Bd6 36. Re6 Bxe5+ 37. dxe5 Bb7 38. Bd4 Rf8 39.
Rg6+ Kh7 40. Rxg5 Rf3+ 41. Kg2 Bc8 42. Rg3 Rf7 43. b5 Rb7 44. b6 Kh6 45. Rg8
Be6 46. Rg3 Kh5 47. Kf1 Bg4 48. Ke1 Rb8 49. Kd2 Ra8 50. Kc3 Ra3+ 51. Kb4 Ra8
52. Kc5 Rc8+ 53. Kxd5 Bd7 54. Kxe4 Bc6+ 55. Kf4 Rf8# {White checkmated} 0-1

[Event "ICC tourney 1992 (90 10)"]
[Site "Internet Chess Club"]
[Date "2020.09.05"]
[Round "1"]
[White "joeandjoe28"]
[Black "mnm2"]
[Result "1-0"]
[ICCResult "Black resigns"]
[WhiteElo "1369"]
[BlackElo "1202"]
[Opening "Ruy Lopez: open (Tarrasch) defense"]
[ECO "C80"]
[NIC "RL.27"]
[Time "11:03:25"]
[TimeControl "5400+10"]

1. e4 e5 2. Nf3 Nc6 3. Bb5 a6 4. Ba4 Nf6 5. O-O Nxe4 6. Re1 d5 7. d3 Nc5 8.
Bxc6+ bxc6 9. Nxe5 Ne6 10. Nxc6 Qd6 11. Ne5 Be7 12. Qf3 O-O 13. c3 Rb8 14.
b3 c5 15. c4 dxc4 16. dxc4 Qd8 17. Nc6 Bb7 18. Nxd8 Bxf3 19. Nxe6 fxe6 20.
gxf3 Bf6 21. Bf4 Bxa1 22. Bxb8 Rxb8 23. Rxe6 Rd8 24. Re1 Kf7 25. Kg2 Kf6 26.
Nd2 Bc3 27. Ne4+ Kf5 28. Nxc3 {Black resigns} 1-0

[Event "ICC tourney 1992 (90 10)"]
[Site "Internet Chess Club"]
[Date "2020.09.05"]
[Round "1"]
[White "srsmv"]
[Black "GlibNest"]
[Result "0-1"]
[ICCResult "White checkmated"]
[WhiteElo "1208"]
[BlackElo "1451"]
[Opening "Sicilian: Alapin's variation (2.c3)"]
[ECO "B22"]
[NIC "SI.47"]
[Time "11:02:56"]
[TimeControl "5400+10"]

1. e4 c5 2. c3 Nf6 3. e5 Nd5 4. d4 cxd4 5. cxd4 Nc6 6. Nf3 e6 7. Bc4 d6 8.
O-O dxe5 9. dxe5 Bc5 10. Nc3 Nxc3 11. Qxd8+ Nxd8 12. bxc3 Nc6 13. Re1 Bd7
14. Ng5 Rc8 15. Ne4 Nxe5 16. Bb3 Nd3 17. Rd1 Nxc1 18. Raxc1 Ba3 19. Rc2 a5
20. Rcd2 Bc6 21. Ng3 Ke7 22. Re1 g6 23. f4 Rcd8 24. Rde2 Bc5+ 25. Kh1 Rd3
26. f5 gxf5 27. Nxf5+ Kf6 28. Ng3 Rxc3 29. Ba4 Bd5 30. Bb3 Bc6 31. Ba4 b5
32. Bxb5 Bxb5 33. Ne4+ Ke7 34. Nxc3 Bxe2 35. Rxe2 Rd8 36. g3 Rd3 37. Ne4 Re3
38. Rxe3 Bxe3 39. Kg2 f5 40. Nc3 Kd6 41. Kf3 Bd4 42. Ne2 Be5 43. Ke3 Kc5 44.
Nc1 Bg7 45. Nb3+ Kb4 46. Kd3 a4 47. Nc1 Bh6 48. Ne2 Ka3 49. Nd4 Kxa2 50.
Nxe6 Kb1 51. Nd4 a3 52. Nc2 a2 53. h3 Bc1 54. Kc3 h6 55. Kd3 Kb2 56. h4 h5
57. Na1 Kxa1 58. Kc2 Bh6 59. Kc3 Kb1 60. Kd3 a1=Q 61. Kc4 Qa3 62. Kd4 Qxg3
63. Kd5 Qxh4 64. Ke5 Qe1+ 65. Kxf5 Qg3 66. Kf6 Bc1 67. Kf5 Qe3 68. Kg6 h4
69. Kh5 h3 70. Kg4 Qf4+ 71. Kxh3 Qg5 72. Kh2 Qg4 73. Kh1 Be3 74. Kh2 Ba7 75.
Kh1 Qh3# {White checkmated} 0-1

[Event "ICC tourney 1992 (90 10)"]
[Site "Internet Chess Club"]
[Date "2020.09.05"]
[Round "1"]
[White "Jeffchess"]
[Black "avaxu"]
[Result "0-1"]
[ICCResult "White checkmated"]
[WhiteElo "1357"]
[BlackElo "1513"]
[Opening "Sicilian: Scheveningen variation"]
[ECO "B80"]
[NIC "SI.19"]
[Time "11:02:45"]
[TimeControl "5400+10"]

1. e4 c5 2. Nc3 d6 3. Nf3 Nf6 4. d4 cxd4 5. Nxd4 e6 6. Bg5 Be7 7. Bb5+ Bd7
8. Qe2 O-O 9. Rd1 a6 10. Bd3 Nc6 11. Nxc6 Bxc6 12. e5 Nd5 13. Nxd5 Bxg5 14.
Nb4 d5 15. Nxc6 bxc6 16. O-O a5 17. b3 Be7 18. f4 Bc5+ 19. Kh1 Qc7 20. Rf3
f6 21. Rh3 f5 22. Rf1 g6 23. Rg3 Rf7 24. Qh5 Rg7 25. Qh6 Kf7 26. Rh3 Rag8
27. Re1 Qe7 28. Qh4 Qxh4 29. Rxh4 Bf2 30. Rxh7 Rxh7 31. Rf1 Bg3 32. h3 Bh4
33. c4 g5 34. fxg5 Bxg5 35. Kh2 Rh4 36. g4 Rgh8 37. Rf3 Bf4+ 38. Kg2 Bxe5
39. gxf5 Rg8+ 40. Kf2 Bd4+ 41. Kf1 Rg1+ 42. Ke2 e5 43. cxd5 cxd5 44. Bb5 e4
45. Rf1 Rxf1 46. Kxf1 Rxh3 47. Bc6 Rf3+ 48. Ke2 Rxf5 49. a3 Bc5 50. a4 Re5
51. Bb5 d4 52. Kd2 Bb4+ 53. Ke2 Kf6 54. Kf2 Kf5 55. Ke2 Kf4 56. Kd1 Ke3 57.
Kc2 Kf2 58. Kd1 e3 59. Be2 Rc5 60. Bc4 Rxc4 61. bxc4 e2+ 62. Kc2 e1=Q 63.
Kb2 Qc3+ 64. Ka2 Qa3+ 65. Kb1 Bc3 66. Kc2 Qb2+ 67. Kd1 Qd2# {White
checkmated} 0-1

[Event "ICC tourney 1992 (90 10)"]
[Site "Internet Chess Club"]
[Date "2020.09.05"]
[Round "1"]
[White "VirginiaGuy"]
[Black "sagsur"]
[Result "1-0"]
[ICCResult "Black checkmated"]
[WhiteElo "1449"]
[BlackElo "1259"]
[Opening "Queen's pawn game"]
[ECO "D05"]
[NIC "QP.08"]
[Time "11:02:55"]
[TimeControl "5400+10"]

1. d4 d5 2. Nf3 Nf6 3. e3 e6 4. Bd3 Be7 5. b3 O-O 6. Nbd2 Nbd7 7. Bb2 b6 8.
O-O Bb7 9. Ne5 c5 10. f4 Rc8 11. c4 Qc7 12. g4 h6 13. h4 Ne8 14. g5 f6 15.
Ng6 Rf7 16. Qh5 Nf8 17. gxh6 gxh6 18. Kf2 cxd4 19. Bxd4 Bc5 20. Rg1 Nxg6 21.
Rxg6+ Ng7 22. Qxh6 Bxd4 23. exd4 dxc4 24. bxc4 Rd8 25. Rag1 Rxd4 26. Rxg7+
Rxg7 27. Qh7+ Kf8 28. Qh8+ Ke7 29. Rxg7+ Kd6 30. Rxc7 Kxc7 31. Ke3 Rd8 32.
Qxf6 Kd6 33. Qxd8+ Kc5 34. Qc7+ Bc6 35. Be4 Kb4 36. Qxc6 Kc3 37. Qa4 a5 38.
Qb3# {Black checkmated} 1-0

[Event "ICC tourney 1992 (90 10)"]
[Site "Internet Chess Club"]
[Date "2020.09.05"]
[Round "1"]
[White "Florina12345"]
[Black "FlowingMelody"]
[Result "0-1"]
[ICCResult "White resigns"]
[WhiteElo "1382"]
[BlackElo "1275"]
[Opening "Scotch: Mieses variation"]
[ECO "C45"]
[NIC "SO.04"]
[Time "11:02:46"]
[TimeControl "5400+10"]

1. e4 e5 2. Nf3 Nc6 3. d4 exd4 4. Nxd4 Nf6 5. Nxc6 bxc6 6. e5 Qe7 7. Qe2 Nd5
8. c4 Ba6 9. b3 g6 10. f4 Bg7 11. Bb2 Nxf4 12. Qe3 Ne6 13. Bd3 Qg5 14. Qxg5
Nxg5 15. Nd2 O-O 16. h4 Ne6 17. O-O-O Nf4 18. Bc2 Nxg2 19. Rdg1 Nf4 20. Rg4
Ne6 21. h5 d6 22. hxg6 fxg6 23. Ne4 Bxe5 24. Bxe5 dxe5 25. Ng5 Nxg5 26. Rxg5
Rfe8 27. Bxg6 hxg6 28. Rxg6+ Kf7 29. Rxc6 Bc8 30. Rxc7+ Kg6 31. Rg1+ Kf5 32.
Rf7+ Ke6 33. Rh7 Rf8 34. Rgg7 Rf1+ 35. Kb2 Rf2+ 36. Ka3 a5 37. Rc7 Rg2 38.
Rh6+ Kf5 39. Rf7+ Ke4 40. Rh1 Rg3 41. Re7 Re3 42. Rh4+ Kd3 43. Rh5 Kd4 44.
Rh2 Kd3 45. Rh1 Re2 46. Rd1+ Kc2 47. Rd5 e4 48. Ka4 Kc3 49. a3 Rb8 50. Rxa5
Rxb3 51. Rae5 Ra2 {White resigns} 0-1

[Event "ICC tourney 1992 (90 10)"]
[Site "Internet Chess Club"]
[Date "2020.09.05"]
[Round "1"]
[White "thihansa"]
[Black "kanishksinghus"]
[Result "0-1"]
[ICCResult "White checkmated"]
[WhiteElo "1133"]
[BlackElo "1426"]
[Opening "Sicilian: closed"]
[ECO "B24"]
[NIC "SI.44"]
[Time "11:02:44"]
[TimeControl "5400+10"]

1. e4 c5 2. Nc3 Nc6 3. g3 g6 4. Bg2 Bg7 5. d3 Nf6 6. Nge2 d6 7. h3 O-O 8.
O-O a6 9. a4 Bd7 10. Be3 Qc7 11. Qd2 Rab8 12. Bh6 b5 13. axb5 axb5 14. Bxg7
Kxg7 15. f4 b4 16. Nd1 b3 17. c3 Ra8 18. Nf2 Ra2 19. Rxa2 bxa2 20. Ra1 Ra8
21. Nc1 Qa5 22. Rxa2 Qd8 23. b3 Ra5 24. Qb2 Qb6 25. Qa1 Be6 26. Rxa5 Nxa5
27. c4 Qb4 28. Qb2 Kg8 29. Kf1 Nh5 30. Nh1 Bxc4 31. dxc4 Nxc4 32. Qe2 Nd2+
33. Kg1 Nxb3 34. Nxb3 Qxb3 35. Qf3 Qb1+ 36. Qf1 Qb3 37. g4 Qe3+ 38. Kh2 Nxf4
39. Bf3 c4 40. Bg2 c3 41. Qc4 Qd2 42. Qf1 c2 43. Kg3 Qxg2+ 44. Qxg2 Nxg2 45.
Kxg2 c1=Q 46. Nf2 e6 47. Kg3 g5 48. h4 Qf4+ 49. Kg2 gxh4 50. Kf1 Qxf2+ 51.
Kxf2 Kg7 52. Kg2 Kf6 53. Kh3 Kg5 54. Kg2 Kxg4 55. Kh2 d5 56. exd5 exd5 57.
Kg2 d4 58. Kf2 h3 59. Kg1 d3 60. Kf1 d2 61. Ke2 h2 62. Kxd2 h1=Q 63. Kd3 Qe1
64. Kd4 Qe2 65. Kd5 Qe3 66. Kd6 Qe4 67. Kd7 Qe5 68. Kd8 Qe6 69. Kc7 Qd5 70.
Kb6 Qc4 71. Kb7 Qc5 72. Kb8 Qc6 73. Ka7 Qb5 74. Ka8 Kf5 75. Ka7 Ke6 76. Ka8
Kd6 77. Ka7 Kc6 78. Ka8 Qb7# {White checkmated} 0-1

[Event "ICC tourney 1992 (90 10)"]
[Site "Internet Chess Club"]
[Date "2020.09.05"]
[Round "1"]
[White "JavierDix"]
[Black "kevin2010"]
[Result "1-0"]
[ICCResult "Black resigns"]
[WhiteElo "1437"]
[BlackElo "1337"]
[Opening "Queen's bishop game"]
[ECO "D02"]
[NIC "QP.08"]
[Time "11:03:34"]
[TimeControl "5400+10"]

1. d4 d5 2. Nf3 Nf6 3. Bf4 Bf5 4. e3 e6 5. h3 Nbd7 6. Nbd2 Be7 7. Ne5 Bd6 8.
Ndf3 O-O 9. Bd3 Ne4 10. g4 Nxe5 11. gxf5 Nxf3+ 12. Qxf3 Qh4 13. Bxe4 dxe4
14. Qxe4 Bxf4 15. Qxf4 Qxf4 16. exf4 exf5 17. O-O-O Rad8 18. c3 Rfe8 19.
Rde1 Re4 20. Rxe4 fxe4 21. f5 Re8 22. Re1 g6 23. fxg6 hxg6 24. Kd2 f5 25. f3
c5 26. fxe4 cxd4 27. cxd4 fxe4 28. Ke3 Kf7 29. Rf1+ Kg7 30. Rf4 Rh8 31. h4
Re8 32. Rxe4 Rxe4+ 33. Kxe4 Kf7 34. Ke5 Ke7 35. d5 b6 36. b4 b5 37. d6+ Kd7
38. Kd5 Kd8 39. Kc6 {Black resigns} 1-0

[Event "ICC tourney 1992 (90 10)"]
[Site "Internet Chess Club"]
[Date "2020.09.05"]
[Round "1"]
[White "pusheen2019"]
[Black "kskariah"]
[Result "1/2-1/2"]
[ICCResult "Game drawn by mutual agreement"]
[WhiteElo "1563"]
[BlackElo "1324"]
[Opening "French: Tarrasch, open variation"]
[ECO "C07"]
[NIC "FR.18"]
[Time "11:02:42"]
[TimeControl "5400+10"]

1. e4 e6 2. d4 d5 3. Nd2 c5 4. c3 Nc6 5. Ngf3 Nf6 6. exd5 exd5 7. Bb5 Bd6 8.
O-O O-O 9. Re1 Bg4 10. Nf1 cxd4 11. cxd4 Bxf3 12. gxf3 Qb6 13. Bxc6 bxc6 14.
Ng3 Qc7 15. Kg2 c5 16. Bg5 Nd7 17. dxc5 Qxc5 18. Rc1 Qb5 19. b3 f6 20. a4
Qb7 21. Bd2 Bxg3 22. hxg3 Ne5 23. Be3 d4 24. Bxd4 Rfd8 25. Re4 Nc6 26. Qc2
Nxd4 27. Qc4+ Kh8 28. Rxd4 Rxd4 29. Qxd4 Qxb3 30. Rc7 a6 31. Qd7 Qg8 32. Rc6
h6 33. Qd6 a5 34. Rc5 Qe8 35. Qd5 Rd8 36. Qf5 Qxa4 37. Rxa5 Qd7 38. Qg6 Qe8
39. Qg4 Qd7 40. Qe4 Qe8 41. Qh4 Qd7 42. Qe4 Qe8 43. Qf4 Qd7 44. Qe3 Qe8 45.
Qa3 Qf8 46. Qa1 Qe8 47. Ra7 Qe6 48. Qa3 Qd6 49. Ra8 Qxa3 50. Rxa3 Kh7 51.
Ra7 Rd2 {Game drawn by mutual agreement} 1/2-1/2

[Event "ICC tourney 1992 (90 10)"]
[Site "Internet Chess Club"]
[Date "2020.09.05"]
[Round "1"]
[White "Supersky"]
[Black "mutantpenguin"]
[Result "0-1"]
[ICCResult "White checkmated"]
[WhiteElo "1244"]
[BlackElo "1478"]
[Opening "Queen's pawn"]
[ECO "A40"]
[NIC "QO.17"]
[Time "11:02:59"]
[TimeControl "5400+10"]

1. d4 e6 2. Nf3 d5 3. e3 c5 4. c3 Nc6 5. Bd3 Nf6 6. O-O Be7 7. Nbd2 Kf8 8.
Ne5 g6 9. Ndf3 Kg7 10. Re1 c4 11. Bc2 Rf8 12. Qd2 Ne4 13. Qe2 f5 14. Nxc6
bxc6 15. Ne5 Bd7 16. f3 Nd6 17. e4 f4 18. g3 Bg5 19. Qf2 fxg3 20. hxg3 Bxc1
21. Raxc1 Nf7 22. exd5 Nxe5 23. Rxe5 cxd5 24. f4 Rb8 25. b3 cxb3 26. axb3
Qf6 27. Qh2 Rbc8 28. Bd3 a5 29. Qa2 Ra8 30. c4 a4 31. c5 axb3 32. Qxb3 Rfb8
33. Qc2 Bc6 34. Rce1 Re8 35. Qe2 Rab8 36. Rxe6 Qxd4+ 37. Qf2 Qxd3 38. Rxc6
Rxe1+ 39. Qxe1 Rb1 40. Qxb1 Qxb1+ 41. Kh2 Qc2+ 42. Kh3 Qd1 43. Rc7+ Kh6 44.
g4 Qf3+ 45. Kh4 Qxf4 46. Rd7 Qh2# {White checkmated} 0-1

[Event "ICC tourney 1992 (90 10)"]
[Site "Internet Chess Club"]
[Date "2020.09.05"]
[Round "1"]
[White "rcstinson"]
[Black "haarim"]
[Result "1/2-1/2"]
[ICCResult "Game drawn by mutual agreement"]
[WhiteElo "1493"]
[BlackElo "1153"]
[Opening "Queen's pawn"]
[ECO "A40"]
[NIC "QO.17"]
[Time "11:03:05"]
[TimeControl "5400+10"]

1. d4 e6 2. e3 d5 3. Bd3 Nf6 4. f4 c5 5. c3 Nc6 6. Nd2 Bd7 7. Ngf3 Be7 8.
O-O c4 9. Bc2 O-O 10. Ne5 h6 11. Ndf3 Bd6 12. g4 Bxe5 13. Nxe5 Nxe5 14. fxe5
Ne8 15. Qe1 Nc7 16. b3 cxb3 17. axb3 Bb5 18. Rf3 f6 19. Ba3 Rf7 20. Bg6 Rd7
21. Qf2 fxe5 22. Rf8+ Qxf8 23. Bxf8 Rxf8 24. Qg3 exd4 25. exd4 Rf6 26. Bd3
Bxd3 27. Qxd3 a6 28. Rf1 Rxf1+ 29. Qxf1 Rf7 30. Qd3 Kf8 31. c4 Ke7 32. Qg6
Ne8 33. cxd5 exd5 34. Qb6 Nd6 35. Kg2 Ke6 36. Kg3 g5 37. h4 Kd7 38. hxg5
hxg5 39. Qa5 Ke6 40. Qd8 Ne4+ 41. Kg2 Rd7 42. Qg8+ Rf7 43. Qg6+ Ke7 44. Qb6
Nd6 45. Qc7+ Ke6 46. Qd8 Ne4 47. Qe8+ Re7 48. Qg6+ Kd7 49. Qf5+ Kd6 50. Qc8
Rc7 51. Qd8+ Rd7 52. Qh8 Re7 {Game drawn by mutual agreement} 1/2-1/2

[Event "ICC tourney 1992 (90 10)"]
[Site "Internet Chess Club"]
[Date "2020.09.05"]
[Round "1"]
[White "Electryon"]
[Black "tanishqchess"]
[Result "1-0"]
[ICCResult "Black resigns"]
[WhiteElo "1360"]
[BlackElo "899"]
[Opening "Queen's bishop game"]
[ECO "D00"]
[NIC "QP.08"]
[Time "11:02:43"]
[TimeControl "5400+10"]

1. d4 d5 2. Bf4 Nf6 3. Nf3 e6 4. e3 c5 5. c3 Nc6 6. Bd3 b6 7. Nbd2 Bd6 8.
Bg3 O-O 9. O-O Re8 10. Ne5 Bb7 11. Qc2 Qc7 12. f4 c4 13. Be2 Ne7 14. Bf2 b5
15. Bf3 a5 16. b3 Ba6 17. bxc4 bxc4 18. Rab1 Rab8 19. e4 Rxb1 20. Rxb1 Rb8
21. Bh4 Rb2 22. Qxb2 h6 23. Qb6 Bc8 24. Qxc7 Bxc7 25. Kf2 Kf8 26. Ke3 dxe4
27. Bxe4 Ned5+ 28. Bxd5 Nxd5+ 29. Kf3 Nxc3 30. Rb2 Na4 31. Rc2 c3 32. Nb1
Bb7+ 33. Kg3 Be4 34. Rc1 c2 35. Nd2 Nc3 36. Nxe4 Ne2+ 37. Kf3 Nxc1 38. Be1
Nxa2 39. Nd3 c1=Q 40. Nxc1 Nxc1 41. Nc5 Ke8 42. g3 Nb3 43. Nxb3 a4 44. Nc1
a3 45. Na2 Kd7 46. Bb4 Bd6 47. Ke3 Bxb4 48. Nxb4 Kd6 49. Kd3 f5 50. Kc3 g5
51. fxg5 hxg5 52. h4 a2 53. Nxa2 gxh4 54. gxh4 f4 55. Nc1 f3 56. Nd3 Kd5 57.
h5 Ke4 58. h6 Ke3 59. h7 f2 60. Nxf2 Kxf2 61. h8=Q Kf3 62. Qf6+ Ke2 63.
Qxe6+ {Black resigns} 1-0